 Dungeon Crawl Stone Soup version 0.29.1-1-gd02db6906a (webtiles) character file.

Game seed: 17253104891742110940

359 smilodon the Shield-Bearer (level 6, -21/61 HPs)
             Began as a Troll Fighter on Sept 17, 2022.
             Killed from afar by an acid dragon (27 damage)
             ... with a splash of acid
             ... on level 4 of the Dungeon on Sept 18, 2022.
             The game lasted 00:07:23 (2294 turns).

smilodon the Shield-Bearer (Troll Fighter)          Turns: 2294, Time: 00:07:25

Health: -21/61     AC:  2    Str: 27    XL:     6   Next: 37%
Magic:  5/5        EV:  9    Int:  4    God:
Gold:   117        SH:  7    Dex:  9    Spells: 5/5 levels left

rFire   + . .      SeeInvis .     - Unarmed
rCold   . . .      Faith    .   b - +0 kite shield
rNeg    . . .      Spirit   .   a - +0 robe
rPois   .          Reflect  .   p - +2 hat
rElec   .          Harm     .   (no cloak)
rCorr   .          Rampage  .   (gloves unavailable)
Will    .....                   (boots unavailable)
Stlth   +.........              (no amulet)
HPRegen 1.00/turn               g - ring of protection from fire
MPRegen 0.09/turn               (no ring)

@: corroded
A: large, unfitting armour, claws 3, regeneration 1, shaggy fur 1, tough skin 1
a: no special abilities


You were on level 4 of the Dungeon.
You visited 1 branch of the dungeon, and saw 4 of its levels.

You collected 117 gold pieces.

Inventory:

Hand Weapons
 k - a +0 dagger of venom
 r - a +0 short sword of freezing
 s - the +3 morningstar of the Priest {freeze, rN+ Will+ Dex-5}
   (You found it on level 4 of the Dungeon)

   It freezes those it strikes, dealing additional cold damage.
   It can also slow down cold-blooded creatures.
   Dex:       It affects your dexterity (-5).
   rN:        It protects you from negative energy.
   Will:      It increases your willpower.
Armour
 a - a +0 robe (worn)
 b - a +0 kite shield (worn)
 p - a +2 hat (worn)
Magical Staves
 j - a staff of earth
Jewellery
 g - a ring of protection from fire (left claw)
Wands
 m - a wand of mindburst (2)
Scrolls
 h - a scroll of immolation
 n - 2 scrolls of teleportation
 o - a scroll of amnesia
 u - a scroll of identify
Potions
 c - 3 potions of might
 d - 4 potions of curing
 e - a potion of haste {unknown}
 f - 2 potions of lignification {unknown}
 i - a potion of degeneration {unknown}
 l - a potion of heal wounds {unknown}
 q - 2 potions of mutation {unknown}
 t - a potion of berserk rage {unknown}


   Skills:
 + Level 3.6 Fighting
 + Level 3.6 Dodging
 + Level 4.0 Shields
 + Level 3.7 Unarmed Combat


You had 5 spell levels left.
You didn't know any spells.
Your spell library contained the following spells:

 Spells                   Type           Power      Damage    Failure   Level
 Beastly Appendage        Tmut           0%         N/A       78%         1
 Summon Small Mammal      Summ           0%         N/A       78%         1
 Wereblood                Tmut           0%         N/A       89%         2
 Call Canine Familiar     Summ           0%         N/A       98%         3
 Gell's Gravitas          Tloc           0%         N/A       98%         3
 Lesser Beckoning         Tloc           0%         N/A       98%         3
 Spider Form              Tmut/Pois      0%         N/A       98%         3
 Summon Guardian Golem    Hex/Summ       0%         N/A       98%         3
 Teleport Other           Tloc           0%         N/A       98%         3


Dungeon Overview and Level Annotations

Branches:
Dungeon (4/15)
 Temple: D:4-7

Altars:


Innate Abilities, Weirdness & Mutations

You are too large for most types of armour.
You have claws for hands.
Your natural rate of healing is unusually fast.
You are covered in fur. (AC +1)
You have tough skin. (AC +1)


Message History

The acid dragon is moderately wounded.
You block the acid dragon's attack. The acid dragon claws you.
You claw the acid dragon!
The acid dragon is severely wounded.
The acid dragon bites you. The acid dragon closely misses you.
You completely miss the acid dragon.
The acid dragon is severely wounded.
The acid dragon bites you. The acid dragon claws you.
You are too injured to fight recklessly!
You are too injured to fight recklessly!
You are too injured to fight recklessly!
You are too injured to fight recklessly!
You are too injured to fight recklessly!
You are too injured to fight recklessly!
You are too injured to fight recklessly!
You are too injured to fight recklessly!
You are too injured to fight recklessly!
You are too injured to fight recklessly!
You completely miss the acid dragon.
The acid dragon is severely wounded.
The acid dragon barely misses you.
The acid dragon claws you but does no damage.
You scratch the acid dragon.
The acid dragon is severely wounded.
You block the acid dragon's attack.
The acid dragon claws you but does no damage.
You claw the acid dragon!
The acid dragon is almost dead.
The acid dragon spits acid at you. The splash of acid hits you!
* * * LOW HITPOINT WARNING * * *
You hear a shout!
You scratch the acid dragon but do no damage.
The acid dragon is almost dead.
The acid dragon bites you.
* * * LOW HITPOINT WARNING * * *
The acid dragon barely misses you. The endoplasm closely misses you.
The acid dragon spits acid at you. The splash of acid hits you!!
You die...

.... .... .. #. ...
#.##.. . # ..# ......
..#.###.# #......
........# .....#
.###....###.....#.
#.....D@..........
#.....J###........
......# ##........
#......##.........
##............##.. #.
#.......##...##.###..
.........###.....#...
...>......#......<..
.................##


You could see an acid dragon (catching breath) and an endoplasm.

Vanquished Creatures
  A phantom (D:4)
  A necrophage (D:3)
  A hound (D:3)
  Ijyb (D:3)
  2 orc wizards (D:3)
  5 adders
  4 orcs (D:3)
  4 ball pythons
  5 endoplasms
  4 giant cockroaches
  8 goblins
  7 hobgoblins
  8 jackals
  3 kobolds
  A quokka (D:1)
  5 bats
  5 frilled lizards
  5 rats
70 creatures vanquished.

Notes
Turn   | Place    | Note
-------+----------+-------------------------------------------
     0 | D:1      | smilodon the Troll Fighter began the quest for the Orb.
     0 | D:1      | Reached XP level 1. HP: 22/22 MP: 0/0
   154 | D:1      | Reached XP level 2. HP: 27/29 MP: 1/1
   548 | D:1      | Reached skill level 3 in Shields
   839 | D:2      | Reached XP level 3. HP: 14/36 MP: 2/2
  1680 | D:3      | Reached XP level 4. HP: 44/44 MP: 3/3
  2074 | D:3      | Found a faded altar of an unknown god.
  2130 | D:4      | Noticed Ijyb
  2130 | D:4      | Noticed a phantom
  2130 | D:4      | Noticed a necrophage
  2145 | D:4      | Killed a phantom
  2146 | D:4      | Reached XP level 5. HP: 28/53 MP: 4/4
  2156 | D:3      | Reached XP level 6. HP: 36/61 MP: 5/5
  2165 | D:3      | Killed Ijyb
  2215 | D:3      | Reached skill level 4 in Shields
  2252 | D:4      | Identified the +3 morningstar of the Priest {freeze, rN+
                  | Will+ Dex-5}
  2282 | D:4      | Noticed an acid dragon
  2294 | D:4      | Killed from afar by an acid dragon

Illustrated notes

Levels and vault maps discovered:
D:1:      psy_arrival_conway, layout_basic
D:2:      layout_loops_ring
D:3:      layout_rooms, hellmonk_ecumenical_altar_prayer_group
D:4:      layout_cave_pools, uniq_ijyb

Skill      XL: |  1  2  3  4  5  6 |
---------------+-------------------+-----
Shields        | 3 4 |  4.0
Fighting       | 3 |  3.6
Dodging        | 3 |  3.6
Unarmed Combat | 3 |  3.7

Action                   |  1- 3 |  4- 6 || total
-------------------------+-------+-------++-------
Melee: Unarmed           |   126 |   124 ||   250
  Use: Scroll            |     4 |     2 ||     6
Armor: Robe              |    41 |    79 ||   120
Dodge: Dodged            |    46 |    54 ||   100
Block: Kite shield       |    33 |    46 ||    79
